[Event "HUN-ch Rapid 2019"]
[Site "Ajka"]
[Date "2019.07.20"]
[Round "7.3"]
[White "Aczel, Gergely"]
[Black "Vertetics, Attila"]
[Result "1/2-1/2"]
[ECO "E46"]
[WhiteElo "2540"]
[BlackElo "2438"]
[Annotator "ChessBase"]
[PlyCount "89"]
[EventDate "2019.07.18"]
[EventType "swiss"]
[EventCountry "HUN"]
[SourceTitle "playchess.com"]
[Source "ChessBase"]
[SourceQuality "1"]
[TimeControl "1200+5"]

1. d4 Nf6 2. c4 e6 3. Nc3 Bb4 4. e3 O-O 5. Bd2 Re8 6. Bd3 d5 7. Nf3 Bf8 8. O-O c5 9. cxd5 exd5 10. dxc5 Bxc5 11. h3 Nc6 12. Rc1 Qe7 13. Bb5 Bd7 14. Ne2 Bb6 15. Bc3 Rad8 16. Ba4 Ne4 17. Bd4 Ng5 18. Nxg5 Qxg5 19. Bxb6 axb6 20. Kh1 Qh4 21. Kh2 Qf6 22. Rc3 d4 23. Nxd4 Nxd4 24. exd4 Bxa4 25. Qxa4 Qxd4 26. Qb3 Rd7 27. Rf3 g6 28. Rc1 Kg7 29. Rc4 Qe5+ 30. g3 Ree7 31. Rcf4 b5 32. h4 h5 33. a3 Qd5 34. Qxd5 Rxd5 35. Rf6 Rd2 36. b4 Red7 37. Rb6 R2d5 38. Kg2 Re5 39. Rc3 Red5 40. Rf3 Re5 41. Rc3 Red5 42. Rc5 Rd3 43. Rcxb5 Rxa3 44. Re5 Rc3 45. Re4 1/2-1/2

[Event "HUN-ch Rapid 2019"]
[Site "Ajka"]
[Date "2019.07.20"]
[Round "7.4"]
[White "Mihok, Oliver"]
[Black "Ruck, Robert"]
[Result "1-0"]
[ECO "B18"]
[WhiteElo "2550"]
[BlackElo "2524"]
[Annotator "ChessBase"]
[PlyCount "83"]
[EventDate "2019.07.18"]
[EventType "swiss"]
[EventCountry "HUN"]
[SourceTitle "playchess.com"]
[Source "ChessBase"]
[SourceQuality "1"]
[TimeControl "1200+5"]

1. e4 c6 2. d4 d5 3. Nd2 dxe4 4. Nxe4 Bf5 5. Ng3 Bg6 6. Bc4 e6 7. N1e2 Bd6 8. h4 h6 9. Nf4 Bxf4 10. Bxf4 Nf6 11. Qe2 Nbd7 12. h5 Bh7 13. O-O-O O-O 14. Bd3 Bxd3 15. Rxd3 Qa5 16. Kb1 c5 17. Ne4 cxd4 18. Nxf6+ Nxf6 19. Be5 Rfd8 20. Bxd4 Rd5 21. Bxf6 gxf6 22. Qg4+ Kf8 23. Rxd5 Qxd5 24. Rd1 Qe5 25. a3 Rc8 26. Qb4+ Kg7 27. Rd7 a5 28. Qxb7 Rf8 29. Qf3 Rb8 30. Qg4+ Kf8 31. Qd4 Qb5 32. Rc7 Kg7 33. Rc5 Qf1+ 34. Ka2 Qxg2 35. Rxa5 e5 36. Rxe5 fxe5 37. Qxe5+ Kh7 38. Qxb8 Qxf2 39. Qc7 Kg8 40. a4 f5 41. a5 Qe2 42. Qc8+ 1-0

[Event "HUN-ch Rapid 2019"]
[Site "Ajka"]
[Date "2019.07.20"]
[Round "7.5"]
[White "Balog, Imre"]
[Black "Hoang, Thanh Trang"]
[Result "1-0"]
[ECO "A10"]
[WhiteElo "2566"]
[BlackElo "2414"]
[Annotator "ChessBase"]
[PlyCount "101"]
[EventDate "2019.07.18"]
[EventType "swiss"]
[EventCountry "HUN"]
[SourceTitle "playchess.com"]
[Source "ChessBase"]
[SourceQuality "1"]
[TimeControl "1200+5"]

1. c4 f5 2. g3 Nf6 3. Bg2 g6 4. Nc3 Bg7 5. d3 d6 6. e4 Nc6 7. Nge2 e5 8. O-O O-O 9. h3 Be6 10. Nd5 Qd7 11. Kh2 Rf7 12. Be3 Raf8 13. Qd2 Nh5 14. exf5 gxf5 15. f4 Kh8 16. Rae1 a6 17. Qd1 Nf6 18. d4 Ne4 19. dxe5 dxe5 20. fxe5 Nxe5 21. b3 Bxd5 22. cxd5 Ng6 23. Bd4 Rd8 24. Bxg7+ Rxg7 25. Bxe4 fxe4 26. Nc3 Ne7 27. Rxe4 Qd6 28. Re3 c6 29. dxc6 Nxc6 30. Re8+ Rg8 31. Rxg8+ Kxg8 32. Qg4+ Qg6 33. Qc4+ Kh8 34. Rf2 Qg7 35. Ne4 Ne5 36. Qe6 Ng6 37. h4 Qe5 38. Ng5 Qxe6 39. Nxe6 Rd6 40. Nc5 b5 41. Kh3 Ne5 42. Rf5 Nd3 43. Ne4 Rg6 44. h5 Rg8 45. g4 Nb4 46. h6 Nxa2 47. Rf7 Rg6 48. g5 Kg8 49. Ra7 Kf8 50. Rxh7 Nb4 51. Rd7 1-0

[Event "HUN-ch Rapid 2019"]
[Site "Ajka"]
[Date "2019.07.20"]
[Round "7.6"]
[White "Papp, Gabor"]
[Black "Jakab, Attila"]
[Result "1-0"]
[ECO "C10"]
[WhiteElo "2587"]
[BlackElo "2377"]
[Annotator "ChessBase"]
[PlyCount "93"]
[EventDate "2019.07.18"]
[EventType "swiss"]
[EventCountry "HUN"]
[SourceTitle "playchess.com"]
[Source "ChessBase"]
[SourceQuality "1"]
[TimeControl "1200+5"]

1. e4 e6 2. d4 d5 3. Nd2 dxe4 4. Nxe4 Nd7 5. Nf3 Ngf6 6. Nxf6+ Nxf6 7. c3 Be7 8. Ne5 O-O 9. Be3 Nd7 10. Be2 Nxe5 11. dxe5 b6 12. Bf3 Rb8 13. Qa4 Bb7 14. Bxb7 Rxb7 15. Rd1 Qe8 16. Qd7 h6 17. Ke2 Qxd7 18. Rxd7 Rd8 19. Rxd8+ Bxd8 20. Rd1 Be7 21. g4 Kf8 22. f4 Ke8 23. Kf3 c6 24. Ke4 Rd7 25. Rf1 Bd8 26. a4 b5 27. axb5 cxb5 28. f5 Bg5 29. Bd4 a5 30. f6 gxf6 31. exf6 a4 32. Rh1 Bh4 33. Ra1 Rc7 34. b3 axb3 35. Rb1 Rd7 36. Rxb3 Rd5 37. Ra3 Bg5 38. Ra6 Bc1 39. h4 Bd2 40. Rb6 Be1 41. h5 Bg3 42. Rb7 Bh2 43. Re7+ Kf8 44. Be3 Be5 45. Bxh6+ Kg8 46. Re8+ Kh7 47. Bg7 1-0

[Event "HUN-ch Rapid 2019"]
[Site "Ajka"]
[Date "2019.07.20"]
[Round "7.8"]
[White "Prohaszka, Peter"]
[Black "Emodi, Barnabas"]
[Result "1-0"]
[ECO "D77"]
[WhiteElo "2598"]
[BlackElo "2365"]
[Annotator "ChessBase"]
[PlyCount "99"]
[EventDate "2019.07.18"]
[EventType "swiss"]
[EventCountry "HUN"]
[SourceTitle "playchess.com"]
[Source "ChessBase"]
[SourceQuality "1"]
[TimeControl "1200+5"]

1. d4 Nf6 2. c4 g6 3. g3 Bg7 4. Bg2 d5 5. Nf3 O-O 6. O-O Nc6 7. Nbd2 dxc4 8. Nxc4 Be6 9. b3 Bd5 10. e3 b5 11. Ncd2 Ne4 12. Bb2 a5 13. Nxe4 Bxe4 14. Ne1 Bxg2 15. Nxg2 a4 16. Rc1 Nb4 17. a3 Nd5 18. b4 Nb6 19. Qe2 Nc4 20. Rfd1 Qd7 21. Nf4 Rfd8 22. Nd3 h5 23. h4 e6 24. Rc2 e5 25. dxe5 Bxe5 26. Bc1 Qe6 27. Nc5 Qh3 28. Qf3 Rxd1+ 29. Qxd1 Bd6 30. Nxa4 Ne5 31. Nc3 Ng4 32. Qf3 Rd8 33. Qg2 Qxg2+ 34. Kxg2 c6 35. Ne4 f5 36. Ng5 Ne5 37. Nf3 Nc4 38. Nd2 Ne5 39. Kf1 Rc8 40. Ke2 Kf7 41. Bb2 Nd7 42. Nb3 Rc7 43. Bd4 Ke6 44. Nc5+ Bxc5 45. Bxc5 Ne5 46. a4 bxa4 47. Ra2 Kd5 48. Rxa4 Kc4 49. Bd6 Kb3 50. Bxc7 1-0

[Event "HUN-ch Rapid 2019"]
[Site "Ajka"]
[Date "2019.07.20"]
[Round "7.10"]
[White "Horvath, Peter"]
[Black "Nagy, Bence"]
[Result "1-0"]
[ECO "A48"]
[WhiteElo "2418"]
[BlackElo "2352"]
[Annotator "NA RC"]
[PlyCount "41"]
[EventDate "2019.07.18"]
[EventType "swiss"]
[EventCountry "HUN"]
[SourceTitle "playchess.com"]
[Source "ChessBase"]
[SourceQuality "1"]
[TimeControl "1200+5"]

1. d4 Nf6 2. Nf3 g6 3. c4 Bg7 4. Nc3 d5 5. cxd5 Nxd5 6. Bd2 O-O 7. e4 Nb6 8. Be3 Bg4 9. e5 c5 10. dxc5 N6d7 11. Be2 Nc6 12. e6 Bxc3+ 13. bxc3 fxe6 14. O-O Nde5 15. Nd4 Bxe2 16. Qxe2 Qd5 17. Rad1 Nxd4 18. Bxd4 Rf5 19. Rfe1 Rg5 20. f4 Nf3+ 21. Kh1 1-0

[Event "HUN-ch Rapid 2019"]
[Site "Ajka"]
[Date "2019.07.20"]
[Round "7.11"]
[White "Videki, Sandor"]
[Black "Haszon, David"]
[Result "1-0"]
[ECO "A16"]
[WhiteElo "2401"]
[BlackElo "2279"]
[Annotator "NA"]
[PlyCount "81"]
[EventDate "2019.07.18"]
[EventType "swiss"]
[EventCountry "HUN"]
[SourceTitle "playchess.com"]
[Source "ChessBase"]
[SourceQuality "1"]
[TimeControl "1200+5"]

1. c4 Nf6 2. Nc3 d6 3. d4 Nbd7 4. e4 e5 5. Nf3 Be7 6. Be2 O-O 7. O-O c6 8. Re1 Qc7 9. Bf1 a6 10. d5 Re8 11. h3 Nf8 12. Be3 h6 13. b4 Bd7 14. a4 a5 15. bxa5 Qxa5 16. Qb3 c5 17. Reb1 Ra7 18. Qc2 Rea8 19. Nb5 Bxb5 20. cxb5 Qb6 21. Bd2 Rb8 22. Bc3 Qd8 23. a5 Ng6 24. b6 Raa8 25. Nd2 Nh7 26. a6 bxa6 27. b7 Ra7 28. Bxa6 Qd7 29. Qa4 Nhf8 30. Qxd7 Nxd7 31. Nc4 Nf4 32. Kf1 f5 33. Nb6 Nxb6 34. Rxb6 fxe4 35. Rab1 Kf7 36. Rc6 Nxd5 37. Bc4 Raxb7 38. Bxd5+ Kf6 39. Rxb7 Rxb7 40. Rxd6+ Bxd6 41. Bxb7 1-0

[Event "HUN-ch Rapid 2019"]
[Site "Ajka"]
[Date "2019.07.20"]
[Round "7.12"]
[White "Gelle, Istvan"]
[Black "Farago, Ivan"]
[Result "1-0"]
[ECO "A45"]
[WhiteElo "2325"]
[BlackElo "2350"]
[Annotator "NA"]
[PlyCount "59"]
[EventDate "2019.07.18"]
[EventType "swiss"]
[EventCountry "HUN"]
[SourceTitle "playchess.com"]
[Source "ChessBase"]
[SourceQuality "1"]
[TimeControl "1200+5"]

1. d4 Nf6 2. Bf4 e6 3. e3 c5 4. c3 b6 5. Nd2 Bb7 6. Ngf3 Be7 7. h3 O-O 8. Be2 d6 9. O-O Nbd7 10. a4 a6 11. Bh2 Re8 12. Qb3 Bf8 13. Rfd1 Qc7 14. Nc4 Ne4 15. Bd3 f5 16. Bxe4 fxe4 17. Nfd2 Bd5 18. dxc5 Qxc5 19. Qb4 Qxb4 20. cxb4 Bxc4 21. Nxc4 d5 22. Nd6 Bxd6 23. Bxd6 Rec8 24. Rac1 b5 25. a5 Kf7 26. Kf1 Ke8 27. Ke2 Kd8 28. b3 Rxc1 29. Rxc1 Rc8 30. Be7+ {[%emt 0:00:02] Ra8} 1-0

[Event "HUN-ch Rapid 2019"]
[Site "Ajka"]
[Date "2019.07.20"]
[Round "7.13"]
[White "Sardy, Peter"]
[Black "Popovics, Adam"]
[Result "0-1"]
[ECO "C00"]
[WhiteElo "2353"]
[BlackElo "2365"]
[Annotator "NA"]
[PlyCount "80"]
[EventDate "2019.07.18"]
[EventType "swiss"]
[EventCountry "HUN"]
[SourceTitle "playchess.com"]
[Source "ChessBase"]
[SourceQuality "1"]
[TimeControl "1200+5"]

1. e4 e6 2. d4 c5 3. d5 exd5 4. exd5 d6 5. Nf3 Be7 6. Bb5+ Bd7 7. a4 Nf6 8. O-O O-O 9. h3 Na6 10. Nc3 Nb4 11. Re1 Bf5 12. Re2 a6 13. Bc4 Re8 14. a5 b5 15. axb6 Qxb6 16. Bg5 Qb7 17. Nh4 Bd7 18. Qd2 h6 19. Rxe7 hxg5 20. Rxe8+ Rxe8 21. Qxg5 Nxc2 22. Rxa6 Qxb2 23. Qd2 Qb4 24. Bd3 Ne1 25. Nf3 Nxf3+ 26. gxf3 Nxd5 27. Rxd6 Be6 28. Ne4 Qxd2 29. Nxd2 Nf4 30. Bf1 Bxh3 31. Bb5 Re5 32. Ne4 Ne6 33. Kh2 Bf5 34. Nd2 Bg6 35. Kg2 Nf4+ 36. Kg3 Ne6 37. Kg2 Kh7 38. Bc4 Nd4 39. f4 Re1 40. Kg3 Nf5+ 0-1

[Event "HUN-ch Rapid 2019"]
[Site "Ajka"]
[Date "2019.07.20"]
[Round "7.14"]
[White "Varga, Peter"]
[Black "Hardicsay, Peter"]
[Result "1/2-1/2"]
[ECO "E62"]
[WhiteElo "2367"]
[BlackElo "2185"]
[Annotator "NA"]
[PlyCount "60"]
[EventDate "2019.07.18"]
[EventType "swiss"]
[EventCountry "HUN"]
[SourceTitle "playchess.com"]
[Source "ChessBase"]
[SourceQuality "1"]
[TimeControl "1200+5"]

1. Nf3 Nf6 2. g3 g6 3. Bg2 Bg7 4. O-O O-O 5. c4 c6 6. d4 d6 7. Nc3 Qa5 8. e4 e5 9. d5 cxd5 10. cxd5 Bd7 11. a3 Na6 12. Bd2 Rfc8 13. b4 Qd8 14. Ne1 Nc7 15. a4 b5 16. a5 Na6 17. Nd3 Rc4 18. Qb3 Rac8 19. f3 h5 20. Rfc1 Qc7 21. Ne2 Kh7 22. Kf2 Bh6 23. Ke1 Qb7 24. Bxh6 Kxh6 25. Qb2 Qc7 26. Qd2+ Kg7 27. Kd1 Rxc1+ 28. Rxc1 Qb7 29. Rxc8 Qxc8 30. Qc3 Qxc3 1/2-1/2

[Event "HUN-ch Rapid 2019"]
[Site "Ajka"]
[Date "2019.07.20"]
[Round "7.15"]
[White "Karacsonyi, Gellert"]
[Black "Csiszar, Csaba"]
[Result "1-0"]
[ECO "B32"]
[WhiteElo "2315"]
[BlackElo "2432"]
[Annotator "NA"]
[PlyCount "87"]
[EventDate "2019.07.18"]
[EventType "swiss"]
[EventCountry "HUN"]
[SourceTitle "playchess.com"]
[Source "ChessBase"]
[SourceQuality "1"]
[TimeControl "1200+5"]

1. e4 c5 2. Nf3 Nc6 3. d4 cxd4 4. Nxd4 e5 5. Nb5 d6 6. N1c3 a6 7. Na3 b5 8. Nd5 Nge7 9. c4 Nd4 10. Bd3 Nxd5 11. cxd5 g6 12. O-O Bg7 13. Nc2 Bd7 14. Nxd4 exd4 15. Bf4 Qb6 16. Qd2 h6 17. Qb4 Bf8 18. Rfe1 a5 19. Qd2 Bg7 20. e5 dxe5 21. Bxe5 O-O 22. Qf4 Rac8 23. Bxg7 Kxg7 24. Re7 Rcd8 25. d6 Be8 26. Qe5+ Kg8 27. Re1 Qc6 28. h4 h5 29. g4 Qf3 30. Be2 Qh3 31. gxh5 Bc6 32. Qh2 Qxh2+ 33. Kxh2 Rxd6 34. Bd3 Rf6 35. R1e2 gxh5 36. R7e5 Rb8 37. Rg5+ Kf8 38. Rxh5 Bf3 39. Rh8+ Kg7 40. Rh7+ Kg8 41. Re5 Rfb6 42. Rg5+ Kf8 43. Rf5 f6 44. Rxf3 1-0

[Event "HUN-ch Rapid 2019"]
[Site "Ajka"]
[Date "2019.07.20"]
[Round "7.17"]
[White "Deak, Sandor"]
[Black "Borhy, Marcell"]
[Result "1-0"]
[ECO "A41"]
[WhiteElo "2279"]
[BlackElo "2382"]
[Annotator "NA"]
[PlyCount "71"]
[EventDate "2019.07.18"]
[EventType "swiss"]
[EventCountry "HUN"]
[SourceTitle "playchess.com"]
[Source "ChessBase"]
[SourceQuality "1"]
[TimeControl "1200+5"]

1. d4 d6 2. c4 e5 3. d5 f5 4. e4 Nf6 5. exf5 Bxf5 6. Ne2 a5 7. Ng3 Bg6 8. Nc3 Na6 9. Be3 Be7 10. f3 c6 11. Bd3 Bxd3 12. Qxd3 O-O 13. O-O Nb4 14. Qd2 cxd5 15. cxd5 Qd7 16. a3 Na6 17. Nge4 b5 18. a4 b4 19. Nb5 Rfc8 20. Rac1 Ne8 21. Rxc8 Rxc8 22. Na7 Ra8 23. Nc6 Bf8 24. f4 exf4 25. Bxf4 Nc5 26. Nxc5 dxc5 27. Ne5 Qb7 28. Nc4 Rd8 29. d6 Nf6 30. b3 Nd5 31. Bg5 Rd7 32. Qf2 Qa8 33. Ne5 Ra7 34. d7 Nf6 35. Bxf6 gxf6 36. Qxf6 1-0

[Event "HUN-ch Rapid 2019"]
[Site "Ajka"]
[Date "2019.07.20"]
[Round "7.18"]
[White "Horvath, Tamas"]
[Black "Kovacs, Marton"]
[Result "1-0"]
[ECO "C42"]
[WhiteElo "2306"]
[BlackElo "2147"]
[Annotator "NA"]
[PlyCount "107"]
[EventDate "2019.07.18"]
[EventType "swiss"]
[EventCountry "HUN"]
[SourceTitle "playchess.com"]
[Source "ChessBase"]
[SourceQuality "1"]
[TimeControl "1200+5"]

1. e4 e5 2. Nf3 Nf6 3. Nc3 Bb4 4. Nxe5 O-O 5. Nd3 Bxc3 6. dxc3 Nxe4 7. Be2 d5 8. O-O Nd7 9. Be3 Ndf6 10. f3 Nd6 11. Bf2 c6 12. b3 Re8 13. Re1 Nf5 14. Qd2 Qa5 15. a4 Qc7 16. Bf1 Bd7 17. g4 Ne7 18. a5 Ng6 19. Bg3 Rxe1 20. Qxe1 Qc8 21. Ne5 Qf8 22. Nxg6 hxg6 23. Qe3 c5 24. Re1 Re8 25. Qd2 Rxe1 26. Qxe1 Qe8 27. Qxe8+ Nxe8 28. Bb8 a6 29. Ba7 c4 30. bxc4 dxc4 31. Bxc4 Bc6 32. Kf2 Nd6 33. Bd3 Nb5 34. Bd4 g5 35. Ke3 f6 36. f4 gxf4+ 37. Kxf4 Kf7 38. Bc4+ Kg6 39. h4 Kh6 40. g5+ fxg5+ 41. hxg5+ Kh7 42. Bd3+ Kg8 43. Ke5 Kf7 44. g6+ Ke7 45. Bc5+ Ke8 46. c4 Nc3 47. Bd4 Na4 48. Kd6 Kf8 49. Bf5 Be8 50. Kc7 Bc6 51. Bc8 Be8 52. Bxb7 Bxg6 53. Bxa6 Bxc2 54. Bb5 1-0

[Event "HUN-ch Rapid 2019"]
[Site "Ajka"]
[Date "2019.07.20"]
[Round "7.19"]
[White "Marosi, Levente"]
[Black "Bodi, Tibor"]
[Result "1/2-1/2"]
[ECO "B04"]
[WhiteElo "2225"]
[BlackElo "2244"]
[Annotator "NA"]
[PlyCount "28"]
[EventDate "2019.07.18"]
[EventType "swiss"]
[EventCountry "HUN"]
[SourceTitle "playchess.com"]
[Source "ChessBase"]
[SourceQuality "1"]
[TimeControl "1200+5"]

1. e4 Nf6 2. e5 Nd5 3. d4 d6 4. Nf3 Nb6 5. a4 a5 6. Nc3 g6 7. Bd3 Bg7 8. exd6 cxd6 9. h3 Nc6 10. O-O O-O 11. Nb5 Nb4 12. Be2 Bf5 13. c3 N4d5 14. Re1 Rc8 1/2-1/2

[Event "HUN-ch Rapid 2019"]
[Site "Ajka"]
[Date "2019.07.20"]
[Round "8.1"]
[White "Almasi, Zoltan"]
[Black "Mihok, Oliver"]
[Result "1-0"]
[ECO "A05"]
[WhiteElo "2687"]
[BlackElo "2550"]
[Annotator "RC"]
[PlyCount "109"]
[EventDate "2019.07.18"]
[EventType "swiss"]
[EventCountry "HUN"]
[SourceTitle "playchess.com"]
[Source "ChessBase"]
[SourceQuality "1"]
[TimeControl "1200+5"]

1. Nf3 Nf6 2. c4 g6 3. b3 Bg7 4. Bb2 O-O 5. g3 d6 6. Bg2 e5 7. d3 Re8 8. O-O a5 9. Nc3 c6 10. a3 d5 11. e3 Bf5 12. Rc1 dxc4 13. dxc4 Bd3 14. Ne2 e4 15. Ne1 Bxe2 16. Qxe2 Nbd7 17. b4 axb4 18. axb4 Ne5 19. Bd4 Qe7 20. Qb2 Qe6 21. Qc3 b5 22. Bxe5 Qxe5 23. Qxe5 Rxe5 24. Nc2 bxc4 25. Nd4 c5 26. Nc6 Re6 27. b5 Nd7 28. Rxc4 f5 29. Rd1 Ra1 30. Rxa1 Bxa1 31. Ra4 Bf6 32. Bf1 Rd6 33. Ra7 Ne5 34. Nxe5 Bxe5 35. Bc4+ Kh8 36. Re7 Bc3 37. Rc7 Bb4 38. h4 h5 39. Kg2 Rf6 40. f3 exf3+ 41. Kxf3 Rd6 42. Kf4 Bd2 43. Ke5 Rd8 44. b6 Ba5 45. Rc6 Kg7 46. b7 Rb8 47. Ba6 Bc3+ 48. Kf4 Re8 49. Kg5 Kh7 50. Rc8 Re4 51. Be2 Be5 52. b8=Q Bxb8 53. Rxb8 Rxe3 54. Rb7+ Kh8 55. Bc4 1-0

[Event "HUN-ch Rapid 2019"]
[Site "Ajka"]
[Date "2019.07.20"]
[Round "8.9"]
[White "Popovics, Adam"]
[Black "Gelle, Istvan"]
[Result "1-0"]
[ECO "D15"]
[WhiteElo "2365"]
[BlackElo "2325"]
[Annotator "ChessBase"]
[PlyCount "65"]
[EventDate "2019.07.18"]
[EventType "swiss"]
[EventCountry "HUN"]
[SourceTitle "playchess.com"]
[Source "ChessBase"]
[SourceQuality "1"]
[TimeControl "1200+5"]

1. d4 d5 2. c4 c6 3. Nf3 Nf6 4. Nc3 a6 5. e3 Bf5 6. cxd5 cxd5 7. Qb3 b5 8. a4 b4 9. Na2 a5 10. Bb5+ Bd7 11. O-O e6 12. Bd2 Bd6 13. Qd3 O-O 14. Nc1 Ne4 15. Nb3 Qb6 16. Rfc1 Nc6 17. Rc2 Rfc8 18. Rac1 Rc7 19. Be1 Rac8 20. Nc5 Bxc5 21. dxc5 Qa7 22. Qe2 Nb8 23. Bxd7 Nxd7 24. c6 Nb8 25. Nd4 Nd6 26. f3 e5 27. Bg3 f6 28. Qd3 Kh8 29. Nb5 Nxb5 30. axb5 Rd8 31. Rc5 d4 32. exd4 Rxd4 33. Qxd4 1-0

[Event "HUN-ch Rapid 2019"]
[Site "Ajka"]
[Date "2019.07.20"]
[Round "8.13"]
[White "Nemeth, Zoltan"]
[Black "Jakab, Attila"]
[Result "1/2-1/2"]
[ECO "A04"]
[WhiteElo "2275"]
[BlackElo "2377"]
[Annotator "ChessBase"]
[PlyCount "63"]
[EventDate "2019.07.18"]
[EventType "swiss"]
[EventCountry "HUN"]
[SourceTitle "playchess.com"]
[Source "ChessBase"]
[SourceQuality "1"]
[TimeControl "1200+5"]

1. Nf3 e6 2. g3 b6 3. Bg2 Bb7 4. O-O Nf6 5. c4 Be7 6. b3 O-O 7. Bb2 d5 8. Ne5 Nbd7 9. Nxd7 Qxd7 10. cxd5 Nxd5 11. Nc3 Rfd8 12. Nxd5 Bxd5 13. Bxd5 Qxd5 14. d3 h5 15. Qc2 c5 16. Qc4 Qf5 17. Kg2 h4 18. h3 Bf6 19. Bxf6 Qxf6 20. Qxh4 Qxh4 21. gxh4 Rd4 22. Kg3 Rad8 23. Rac1 e5 24. Rc4 R8d6 25. Rxd4 exd4 26. Re1 Rg6+ 27. Kf3 Rf6+ 28. Kg3 Rg6+ 29. Kh2 Rf6 30. Kg2 Rg6+ 31. Kf3 Rf6+ 32. Kg3 1/2-1/2

[Event "HUN-ch Rapid 2019"]
[Site "Ajka"]
[Date "2019.07.20"]
[Round "8.14"]
[White "Bodi, Tibor"]
[Black "Dankhazi, Andras"]
[Result "1/2-1/2"]
[ECO "C29"]
[WhiteElo "2244"]
[BlackElo "2277"]
[Annotator "ChessBase"]
[PlyCount "93"]
[EventDate "2019.07.18"]
[EventType "swiss"]
[EventCountry "HUN"]
[SourceTitle "playchess.com"]
[Source "ChessBase"]
[SourceQuality "1"]
[TimeControl "1200+5"]

1. e4 e5 2. Nc3 Nf6 3. f4 d5 4. fxe5 Nxe4 5. Qf3 Nc6 6. Nxe4 Nd4 7. Qc3 dxe4 8. Ne2 c5 9. Ng3 Qd5 10. Bc4 Qxe5 11. O-O Be6 12. Bxe6 Qxe6 13. d3 Bd6 14. Bf4 O-O 15. Bxd6 Qxd6 16. Nxe4 Qd5 17. Qxc5 Qxc5 18. Nxc5 b6 19. c3 bxc5 20. cxd4 cxd4 21. Rac1 Rfc8 22. Kf2 Kf8 23. Kf3 Re8 24. Rfe1 Rxe1 25. Rxe1 Rc8 26. Re5 Rc2 27. Ra5 Rxb2 28. Rxa7 f5 29. Ra4 Rd2 30. Rxd4 Rxa2 31. Rd7 Rd2 32. h4 g6 33. g3 Ke8 34. Rxh7 Rxd3+ 35. Kf4 Rd4+ 36. Ke5 Rg4 37. Ke6 Kd8 38. Rd7+ Ke8 39. Ra7 Kd8 40. Ra8+ Kc7 41. Ra3 f4 42. gxf4 Rxf4 43. Rh3 Kd8 44. Ke5 Rf5+ 45. Ke6 Rf4 46. Ke5 Rf5+ 47. Ke6 1/2-1/2

[Event "HUN-ch Rapid 2019"]
[Site "Ajka"]
[Date "2019.07.20"]
[Round "8.16"]
[White "Amrein, Roland"]
[Black "Varga, Peter"]
[Result "0-1"]
[ECO "B12"]
[WhiteElo "2198"]
[BlackElo "2367"]
[Annotator "ChessBase"]
[PlyCount "87"]
[EventDate "2019.07.18"]
[EventType "swiss"]
[EventCountry "HUN"]
[SourceTitle "playchess.com"]
[Source "ChessBase"]
[SourceQuality "1"]
[TimeControl "1200+5"]

1. e4 c6 2. d4 d5 3. e5 Bf5 4. h4 h6 5. g4 Bc8 6. c4 e6 7. Nc3 Ne7 8. Nf3 dxc4 9. Bxc4 Nd5 10. Ne4 Nd7 11. Kf1 Be7 12. Kg2 c5 13. a3 cxd4 14. Qxd4 N7b6 15. Bb5+ Bd7 16. Bxd7+ Qxd7 17. Bd2 O-O-O 18. Rhd1 Qa4 19. Rdc1+ Kb8 20. Qxa4 Nxa4 21. b3 Nab6 22. a4 Rc8 23. Nd4 Rxc1 24. Rxc1 Bxh4 25. a5 Nd7 26. f4 Be7 27. a6 Rc8 28. Rxc8+ Kxc8 29. axb7+ Kxb7 30. Nb5 Nc5 31. Nbd6+ Bxd6 32. Nxd6+ Kc6 33. Kf3 Nxb3 34. Be1 a5 35. Bxa5 Nxa5 36. Nxf7 Nc4 37. f5 Kd7 38. g5 hxg5 39. f6 Nxf6 40. Nxg5 Nxe5+ 41. Kf4 Ng6+ 42. Ke3 e5 43. Nf3 Ke6 44. Nd2 0-1

[Event "HUN-ch Rapid 2019"]
[Site "Ajka"]
[Date "2019.07.20"]
[Round "8.17"]
[White "Hardicsay, Peter"]
[Black "Egresi, Mate"]
[Result "1/2-1/2"]
[ECO "D25"]
[WhiteElo "2185"]
[BlackElo "2341"]
[Annotator "ChessBase"]
[PlyCount "120"]
[EventDate "2019.07.18"]
[EventType "swiss"]
[EventCountry "HUN"]
[SourceTitle "playchess.com"]
[Source "ChessBase"]
[SourceQuality "1"]
[TimeControl "1200+5"]

1. d4 d5 2. Nf3 Nf6 3. c4 dxc4 4. e3 Be6 5. Nbd2 c5 6. Bxc4 Bxc4 7. Nxc4 cxd4 8. Qxd4 Nc6 9. Qxd8+ Rxd8 10. Ke2 g6 11. Bd2 Bg7 12. Bc3 O-O 13. Rhd1 b5 14. Nce5 Rc8 15. Nxc6 Rxc6 16. Nd4 Rb6 17. Ba5 Ra6 18. Bb4 Nd5 19. Bc5 Rc8 20. Rdc1 e6 21. a3 Bxd4 22. Bxd4 Rac6 23. Rxc6 Rxc6 24. Kd2 a6 25. Rc1 Rxc1 26. Kxc1 Kf8 27. Kc2 Ke7 28. e4 Nc7 29. Be5 Na8 30. b3 Kd7 31. Kc3 Kc6 32. f3 Nb6 33. Kb4 Nd7 34. Bd4 f5 35. exf5 gxf5 36. a4 e5 37. axb5+ axb5 38. Bf2 Nf6 39. Kc3 Kd5 40. Bh4 Nd7 41. Be7 e4 42. fxe4+ fxe4 43. Bg5 Ne5 44. h3 Nc6 45. Be3 Ke5 46. g3 Kf5 47. Bd2 Ke5 48. Be3 Kd5 49. g4 Ke5 50. h4 Kd5 51. Bf4 Ke6 52. h5 Kf6 53. Kd2 Nd4 54. Ke3 Nxb3 55. Kxe4 Nc5+ 56. Kd5 Nd3 57. Be3 b4 58. Ke4 Ne1 59. Bd2 Nc2 60. g5+ Ke6 1/2-1/2

[Event "HUN-ch Rapid 2019"]
[Site "Ajka"]
[Date "2019.07.20"]
[Round "8.18"]
[White "Emodi, Barnabas"]
[Black "Bognar, Csaba"]
[Result "1-0"]
[ECO "A48"]
[WhiteElo "2365"]
[BlackElo "2166"]
[Annotator "ChessBase"]
[PlyCount "81"]
[EventDate "2019.07.18"]
[EventType "swiss"]
[EventCountry "HUN"]
[SourceTitle "playchess.com"]
[Source "ChessBase"]
[SourceQuality "1"]
[TimeControl "1200+5"]

1. d4 Nf6 2. Nf3 g6 3. Bg5 Bg7 4. e3 h6 5. Bh4 d6 6. Nbd2 Nbd7 7. Bc4 O-O 8. O-O e5 9. dxe5 dxe5 10. e4 g5 11. Bg3 Nh5 12. Re1 Nxg3 13. hxg3 Qe7 14. Nf1 c6 15. Ne3 Nf6 16. Bd3 Be6 17. Qe2 Ng4 18. Nf5 Bxf5 19. exf5 h5 20. Nh2 Nxh2 21. Qxh5 Bf6 22. Kxh2 Kg7 23. Kg1 Qb4 24. Qe2 b6 25. c3 Qc5 26. Be4 Rh8 27. g4 Rh6 28. g3 Rah8 29. Rad1 Rh2 30. Rd7 a5 31. Qe3 Qb5 32. b3 a4 33. c4 Qb4 34. Red1 Be7 35. Bxc6 Kf6 36. Bd5 R8h7 37. Rxe7 Qxe7 38. Qxb6+ Kg7 39. Be4 R2h6 40. Qd8 Qc5 41. Qxg5+ 1-0

[Event "HUN-ch Rapid 2019"]
[Site "Ajka"]
[Date "2019.07.20"]
[Round "8.19"]
[White "Terbe, Julianna"]
[Black "Farago, Sandor"]
[Result "0-1"]
[ECO "A45"]
[WhiteElo "2298"]
[BlackElo "2210"]
[Annotator "ChessBase"]
[PlyCount "122"]
[EventDate "2019.07.18"]
[EventType "swiss"]
[EventCountry "HUN"]
[SourceTitle "playchess.com"]
[Source "ChessBase"]
[SourceQuality "1"]
[TimeControl "1200+5"]

1. d4 Nf6 2. Bf4 d6 3. Nf3 Nbd7 4. h3 c5 5. e3 g6 6. Be2 Bg7 7. O-O O-O 8. c3 b6 9. Nbd2 Bb7 10. a4 a6 11. Bh2 Qc7 12. Bd3 e5 13. e4 Rfe8 14. Re1 Nh5 15. dxe5 dxe5 16. Qb3 h6 17. Bc4 Re7 18. Nf1 Nf4 19. Rad1 Rf8 20. Qc2 Kh7 21. Ne3 Nf6 22. Nd5 N6xd5 23. exd5 Qd6 24. Bxf4 exf4 25. Rxe7 Qxe7 26. Qd3 Ra8 27. Re1 Qd6 28. Nd2 Bc8 29. Ne4 Qd7 30. Qf3 b5 31. Ba2 c4 32. Qxf4 Qxd5 33. Bb1 Bb7 34. f3 Rd8 35. axb5 axb5 36. Nf6+ Bxf6 37. Qxf6 Rd7 38. Kh1 Qg5 39. Qxg5 hxg5 40. Bc2 Rd2 41. Rc1 f5 42. Kg1 g4 43. hxg4 fxg4 44. Rd1 Rxc2 45. Rd7+ Kh6 46. Rxb7 Rxb2 47. fxg4 Kg5 48. Rb6 b4 49. cxb4 c3 50. Rc6 c2 51. Kh2 Kf4 52. b5 Ke3 53. b6 Kd3 54. Rd6+ Ke3 55. Re6+ Kd4 56. Rc6 g5 57. b7 Kd3 58. Rd6+ Ke2 59. Rc6 Kd2 60. Rd6+ Kc1 61. Rd7 Kb1 0-1